 Dungeon Crawl Stone Soup version 0.27-a0-604-g29a88b33a7 (webtiles) character file.

Game seed: 16035364864557132232

10852 jasper the Black Sun (level 11, -7/58 HPs)
             Began as a Spriggan Artificer on Mar 12, 2021.
             Was a High Priest of Kikubaaqudgha.
             Engulfed by a cloud of freezing vapour (35 damage)
             ... in an ice cave.
             The game lasted 00:23:05 (15871 turns).

jasper the Black Sun (Spriggan Artificer)          Turns: 15871, Time: 00:23:06

Health: -7/58      AC:  2    Str:  8    XL:     11   Next: 41%
Magic:  19/19      EV: 30    Int: 16    God:    Kikubaaqudgha [*****.]
Gold:   764        SH:  8    Dex: 23    Spells: 4/20 levels left

rFire    + . .     SeeInvis +   p - +4 dagger of Ynlyuf {holy, Dex+7}
rCold    . . .     Faith    .   D - +0 buckler
rNeg     . . .     Spirit   .   b - +0 robe
rPois    .         Reflect  .   (helmet restricted)
rElec    .         Harm     .   (no cloak)
rCorr    .         Rampage  .   (gloves unavailable)
Will     +....                  (boots unavailable)
Stlth    ++........             (no amulet)
HPRegen  0.19/turn              c - +4 ring of evasion
MPRegen  0.16/turn              F - ring of protection from fire

@: about to teleport, slow
A: very small, unfitting armour, see invisible, speed 3
a: Renounce Religion, Receive Corpses, Torment


You were in an ice cave.
You worshipped Kikubaaqudgha.
Kikubaaqudgha was extremely pleased with you.
You visited 1 branch of the dungeon, and saw 11 of its levels.
You also visited: Ice Cave.

You collected 764 gold pieces.

Inventory:

Hand Weapons
 a - a +0 club
 j - a +0 dagger
 p - the +4 dagger of Ynlyuf (weapon) {holy, Dex+7}
   (You found it on level 4 of the Dungeon)

   It has been blessed by the Shining One to cause great damage to the undead
   and demons.
   It affects your dexterity (+7).
 q - a +0 short sword of protection
 r - the +10 mace of Brutal Revenge {vorpal, +Blink}
   (You found it on level 4 of the Dungeon)

   It inflicts extra damage upon your enemies.
   It lets you blink.
 t - the +2 shortbow of the Living Dead {vorpal, +Fly Will+ SInv}
   (You took it off an orc priest on level 5 of the Dungeon)

   Any arrow fired from it inflicts extra damage.
   It affects your willpower, your defense against some magical effects.
   It lets you see invisible.
   It lets you fly.
 I - a +2 dagger of electrocution
 M - a +2 rapier of protection
Missiles
 f - 45 poisoned darts
 y - a throwing net
Armour
 b - a +0 robe (worn)
 D - a +0 buckler (worn)
 K - a +0 hat of intelligence
Jewellery
 c - a +4 ring of evasion (right hand)
 F - a ring of protection from fire (left hand)
Wands
 d - a wand of charming (11)
 e - a wand of random effects (2)
 E - a wand of polymorph (9)
 J - a wand of mindburst (6)
Scrolls
 g - 4 scrolls of teleportation
 h - 4 scrolls of amnesia
 i - a scroll of blinking
 k - 2 scrolls of immolation
 l - 3 scrolls of fog
 n - 4 scrolls of random uselessness
 o - 2 scrolls of fear
 s - 2 scrolls of noise
 u - a scroll of magic mapping
 v - a scroll of vulnerability
 x - 2 scrolls of enchant weapon {unknown}
 G - a scroll of acquirement {unknown}
Potions
 m - 2 potions of attraction {unknown}
 w - a potion of cancellation
 z - 2 potions of mutation
 A - a potion of flight
 B - a potion of berserk rage
 C - 2 potions of curing
 L - a potion of brilliance {unknown}
Miscellaneous
 H - a phantom mirror


   Skills:
 - Level 7.0 Fighting
 - Level 4.0 Short Blades
 - Level 9.5 Dodging
 - Level 5.0 Stealth
 + Level 3.6 Shields
 - Level 5.2 Spellcasting
 + Level 1.8 Hexes
 - Level 10.3 Necromancy
 + Level 1.2 Ice Magic
 - Level 5.4 Evocations


You had 4 spell levels left.
You knew the following spells:

 Your Spells              Type           Power      Damage    Failure   Level
a - Dispel Undead         Necr           37%        3d15      2%          4
b - Vampiric Draining     Necr           18%        2d8       1%          3
c - Sublimation of Blood  Necr           18%        N/A       1%          2
d - Excruciating Wounds   Necr           18%        N/A       8%          5
e - Ensorcelled Hibernat  Hex/Ice        18%        N/A       16%         2

Your spell library contained the following spells:

 Spells                   Type           Power      Damage    Failure   Level
 Pain                     Necr           100%       1d9       1%          1
 Corpse Rot               Necr/Air       N/A        N/A       3%          2
 Corona                   Hex            11%        N/A       9%          1
 Foxfire                  Conj/Fire      16%        2x1d4     19%         1
 Confusing Touch          Hex            10%        N/A       26%         3
 Tukima's Dance           Hex            10%        N/A       26%         3
 Dazzling Flash           Conj/Hex       14%        N/A       36%         3
 Inner Flame              Hex/Fire       7%         N/A       36%         3
 Conjure Flame            Conj/Fire      4%         6-21      50%         3
 Sticky Flame             Conj/Fire      4%         2d3       88%         4
 Agony                    Necr           37%        N/A       8%          5
 Death Channel            Necr           18%        N/A       38%         6
 Simulacrum               Ice/Necr       11%        N/A       95%         6
 Fireball                 Conj/Fire      2%         3d4       99%         5


Dungeon Overview and Level Annotations

Branches:
Dungeon (11/15)            Temple (0/1) D:7             Orc (0/2) D:10
  IceCv (1/1)
   Lair: D:8-11

Altars:
Dithmenos
Elyvilon
Fedhas
Kikubaaqudgha
Makhleb
Wu Jian
Xom

Annotations:
D:3 exclusion: oklob plant
D:6 2 transporters, Demosthentine's ghost, novice MfGl
D:11 Maurice IceCv exclusion: 2 ice statues


Innate Abilities, Weirdness & Mutations

You are very small and have problems with some larger weapons.
You are too small for most types of armour.
You have supernaturally acute eyesight. (SInv)
You cover ground extremely quickly. (Speed+++)


Message History

The ufetubus completely misses you. The ufetubus misses you.
You hit the ufetubus.
You kill the ufetubus!
Kikubaaqudgha accepts your kill.
You start resting.
HP restored.
Health restored: 58 2 ice statues come into view.
Marking area around 2 ice statues as unsafe for travelling.
You hit the ice statue but do no damage.
Really walk into a travel-excluded area?
The ice statue gestures at you. The freezing blast misses you.
You are engulfed in freezing vapours.
You take 14 damage, and have 44/58 hp.
MASSIVE DAMAGE!!
The ice statue glitters chillingly in the dim dungeon light.
The ice statue gestures at you. The bolt of cold misses you.
Found a pair of runed boots.
Found a glowing hat.
Really walk into that cloud of freezing vapour?
You enter the shallow water.
Moving in this stuff is going to be slow.
You are engulfed in freezing vapours.
You take 18 damage, and have 27/58 hp.
MASSIVE DAMAGE!!
An ice devil comes into view.
An ice devil comes into view.
You see here a +0 hat of intelligence.
K - a +0 hat of intelligence
As you read the scroll of teleportation, it crumbles to dust.
You feel strangely unstable. The ice devil barely misses you.
The ice devil completely misses you.
You see here a +0 pair of boots of flying.
The ice devil misses you. x2
You enter the shallow water.
Moving in this stuff is going to be slow.
You are engulfed in freezing vapours.
Ouch! That really hurt!
You die...
Kikubaaqudgha rasps: "You have failed me!
Welcome... death!"

#...##
##...#
#..##
#...####
##..#..##
#..#§..##
#§§§§...#
#§§§##..#
#☼@### .#
##§#.##
##§°..#
#44..##
#....#
#[..##
##..#
####


You could see 2 ice devils.

Vanquished Creatures
  Harold (D:10)
  5 two-headed ogres
  Pikel (D:6)
  Joseph (D:7)
  A troll (D:9)
  Prince Ribbit (D:9)
  A shadow (D:10)
  A wraith (D:10)
  3 yaks (D:10)
  Grum (D:9)
  A steam dragon (D:10)
  3 orc warriors
  2 ice beasts
  A necrophage (D:8)
  A sky beast (D:10)
  4 ogres
  A centaur (D:6)
  3 wolves (D:9)
  6 phantoms
  A kobold brigand (D:9)
  3 bullfrogs
  A gnoll sergeant (D:9)
  6 scorpions
  10 orc wizards
  2 troll zombies (D:10)
  6 wights (D:6)
  2 electric eels (D:10)
  7 howler monkeys
  10 hounds
  3 bullfrog zombies
  4 jellies
  4 orc priests
  2 centaur skeletons
  An iguana (D:5)
  4 worker ants
  A killer bee zombie (D:5)
  6 ogre zombies (D:10)
  A hound skeleton (D:7)
  9 gnolls
  11 adders
  A howler monkey skeleton (D:6)
  2 shadow imps
  8 white imps
  8 ufetubi
  2 oozes
  An adder zombie (D:7)
  An adder skeleton (D:5)
  5 worms
  2 dart slugs
  6 leopard geckos
  38 orcs
  7 bats
  2 bat zombies (D:2)
  5 giant cockroaches
  10 goblins
  7 hobgoblins
  13 jackals
  13 kobolds
  7 quokkas
  4 ball pythons
  7 frilled lizards
  2 goblin skeletons (D:10)
  4 goblin zombies (D:10)
  A hobgoblin skeleton (D:10)
  5 hobgoblin zombies (D:10)
  A jackal skeleton (D:4)
  An orc skeleton (D:10)
  12 orc zombies (D:10)
  A quokka skeleton (D:5)
  10 rats
  2 rat zombies (D:2)
320 creatures vanquished.

Vanquished Creatures (collateral kills)
  An orc warrior (D:10)
  An orc priest (D:4)
  3 orcs
5 creatures vanquished.

Vanquished Creatures (others)
  An orc warrior (D:6)
  A hound (D:6)
  2 white imps (IceCv)
  5 ufetubi (IceCv)
  2 orcs
  A frilled lizard (D:2)
  2 plants (D:10)
14 creatures vanquished.

Grand Total: 339 creatures vanquished

Notes
Turn   | Place    | Note
-------+----------+-------------------------------------------
     0 | D:1      | jasper the Spriggan Artificer began the quest for the Orb.
     0 | D:1      | Reached XP level 1. HP: 9/9 MP: 2/2
   241 | D:1      | Reached skill level 1 in Fighting
   399 | D:1      | Reached XP level 2. HP: 14/14 MP: 3/3
  1046 | D:2      | Reached XP level 3. HP: 18/18 MP: 4/4
  1166 | D:2      | Found a white marble altar of Elyvilon.
  1204 | D:2      | Reached skill level 5 in Evocations
  2369 | D:2      | Reached XP level 4. HP: 20/22 MP: 5/5
  2390 | D:2      | Found an ancient bone altar of Kikubaaqudgha.
  2398 | D:2      | Became a worshipper of Kikubaaqudgha
  2869 | D:3      | Reached skill level 1 in Necromancy
  2973 | D:3      | Found a blossoming altar of Fedhas.
  2992 | D:3      | Noticed an oklob plant
  3331 | D:3      | Noticed an ice beast
  3365 | D:3      | Killed an ice beast
  3366 | D:3      | Reached skill level 2 in Necromancy
  3366 | D:3      | Reached XP level 5. HP: 26/26 MP: 6/6
  4573 | D:4      | Reached skill level 5 in Dodging
  4573 | D:4      | Reached XP level 6. HP: 16/32 MP: 7/7
  4867 | D:4      | Identified the +10 mace of Brutal Revenge {vorpal, +Blink}
  4998 | D:4      | Reached skill level 3 in Necromancy
  5143 | D:4      | Reached * piety under Kikubaaqudgha
  5143 | D:4      | Identified Kikubaaqudgha's Grimoire of Darkness
                  | (Kikubaaqudgha gifted it to you on level 4 of the Dungeon)
  5143 | D:4      | Received a gift from Kikubaaqudgha
  5152 | D:4      | Learned a level 2 spell: Corpse Rot
  5156 | D:4      | Learned a level 3 spell: Vampiric Draining
  5209 | D:4      | Found a shadowy altar of Dithmenos.
  5245 | D:4      | Identified the +4 dagger of Ynlyuf {holy, Dex+7}
  5754 | D:4      | Reached XP level 7. HP: 36/36 MP: 8/8
  5983 | D:5      | Entered Level 5 of the Dungeon
  6071 | D:5      | Reached skill level 4 in Necromancy
  7068 | D:5      | Reached skill level 5 in Necromancy
  7142 | D:5      | Identified the +2 shortbow of the Living Dead {vorpal, +Fly
                  | Will+ SInv}
  7152 | D:5      | Reached XP level 8. HP: 42/42 MP: 9/9
  7191 | D:5      | Reached ** piety under Kikubaaqudgha
  7619 | D:5      | Reached skill level 6 in Necromancy
  8614 | D:6      | Reached skill level 7 in Necromancy
  8614 | D:6      | Reached XP level 9. HP: 35/46 MP: 10/10
  8696 | D:6      | Found a shimmering altar of Xom.
  8739 | D:6      | Noticed Demosthentine's ghost (novice MfGl)
  8744 | D:6      | Found a transporter.
  8825 | D:6      | Found a burning altar of Makhleb.
  8825 | D:6      | Found an ornate altar of the Wu Jian Council.
  9078 | D:6      | Found a transporter.
  9102 | D:6      | Learned a level 2 spell: Sublimation of Blood
  9127 | D:7      | Noticed Pikel
  9149 | D:6      | Killed Pikel
  9150 | D:6      | Reached skill level 5 in Fighting
  9436 | D:7      | Found a staircase to the Ecumenical Temple.
  9441 | D:7      | Reached skill level 8 in Necromancy
  9564 | D:7      | Noticed Joseph
  9575 | D:7      | Killed Joseph
  9846 | D:7      | Reached *** piety under Kikubaaqudgha
  9846 | D:7      | Identified Kikubaaqudgha's Handbook of Evil (Kikubaaqudgha
                  | gifted it to you on level 7 of the Dungeon)
  9846 | D:7      | Received a gift from Kikubaaqudgha
 10226 | D:8      | Noticed a two-headed ogre
 10542 | D:8      | Killed a two-headed ogre
 10543 | D:8      | Reached skill level 1 in Shields
 10543 | D:8      | Reached XP level 10. HP: 53/53 MP: 10/14
 10551 | D:8      | Learned a level 4 spell: Dispel Undead
 10594 | D:8      | Reached skill level 9 in Necromancy
 11299 | D:9      | Noticed Prince Ribbit
 11308 | D:9      | Killed Prince Ribbit
 11660 | D:9      | Noticed a two-headed ogre
 11666 | D:9      | Killed a two-headed ogre
 11667 | D:9      | Reached skill level 1 in Short Blades
 11673 | D:9      | Learned a level 5 spell: Excruciating Wounds
 11761 | D:9      | Noticed Grum
 11787 | D:9      | Killed Grum
 12644 | D:10     | Entered Level 10 of the Dungeon
 12665 | D:10     | Noticed a two-headed ogre
 12697 | D:10     | Killed a two-headed ogre
 12736 | D:10     | Found a staircase to the Orcish Mines.
 12983 | D:10     | Reached **** piety under Kikubaaqudgha
 13359 | D:10     | Reached skill level 10 in Necromancy
 13414 | D:10     | Reached skill level 5 in Stealth
 13414 | D:10     | Reached XP level 11. HP: 34/58 MP: 5/18
 14118 | D:10     | Noticed Harold
 14136 | D:10     | Killed Harold
 14311 | D:10     | Noticed a boulder beetle
 14537 | D:10     | Noticed a two-headed ogre
 14554 | D:10     | Killed a two-headed ogre
 14555 | D:10     | Reached skill level 5 in Spellcasting
 14643 | D:10     | Learned a level 2 spell: Ensorcelled Hibernation
 15014 | D:10     | Reached ***** piety under Kikubaaqudgha
 15378 | D:11     | Noticed a two-headed ogre
 15380 | D:11     | Found a frozen archway.
 15388 | D:11     | Killed a two-headed ogre
 15389 | D:11     | Reached skill level 1 in Hexes
 15389 | D:11     | Reached skill level 1 in Ice Magic
 15437 | D:11     | Noticed Maurice
 15475 | IceCv    | Entered an ice cave
 15871 | IceCv    | Engulfed by a cloud of freezing vapour

Illustrated notes

Levels and vault maps discovered:
D:1:      amcnicky_arrival_gap_in_the_tavern_cellar, layout_loops_ring
D:2:      layout_basic, lemuel_zombie_altar_kikubaaqudgha,
          nicolae_overflow_hidden_temple, minivault_19, minmay_joined_circles
D:3:      layout_loops_ring, tgw_fedhas
D:4:      layout_loops_corners, grunt_dithmenos_shadows
D:5:      kennysheep_windowed_halls, layout_loops_corners, serial_bayou_pond_e
D:6:      layout_cave_pools, gammafunk_temple_overflow_statue,
          gammafunk_ghost_abyssal_escape, xom_confusion_cloud
D:7:      layout_rooms, minmay_temple_entry_statues_pillars, uniq_joseph,
          uniq_pikel
D:8:      layout_rooms
D:9:      layout_loops_ring, uniq_prince_ribbit1, uniq_grum
D:10:     layout_roguey, zombieorc2_lemuel, minmay_misc_feat_x,
          serial_bayou_lagoon_a, uniq_harold
D:11:     layout_rooms, lair_entry_dummy, portal_ice_cave_entry_pillars_1,
          uniq_maurice
IceCv:    ice_cave_small_demon

Skill      XL: |  1  2  3  4  5  6  7  8  9 10 11 |
---------------+----------------------------------+-----
Fighting       | 1 2 3 4 6 7 |  7.0
Evocations     | 5 |  5.4
Dodging        | 4 5 6 8 9 |  9.5
Necromancy     | 2 3 5 7 8 10 | 10.3
Shields        | 1 2 3 |  3.6
Spellcasting   | 2 4 5 |  5.2
Short Blades   | 3 4 |  4.0
Stealth        | 5 |  5.0
Hexes          | 1 |  1.8
Ice Magic      | 1 |  1.2

Action                   |  1- 3 |  4- 6 |  7- 9 | 10-12 || total
-------------------------+-------+-------+-------+-------++-------
Melee: Club              |   103 |       |       |       ||   103
       Short sword       |     9 |   177 |       |       ||   186
       Mace              |       |    39 |   221 |    16 ||   276
       Dagger            |       |       |    30 |   505 ||   535
Throw: Dart              |    35 |     4 |    21 |       ||    60
 Cast: Corpse Rot        |       |       |     2 |       ||     2
       Vampiric Draining |       |       |     9 |    68 ||    77
       Dispel Undead     |       |       |       |    21 ||    21
       Ensorcelled Hiber |       |       |       |     2 ||     2
Invok: Receive Corpses   |       |       |       |     1 ||     1
Evoke: Wand              |    16 |     5 |    56 |    53 ||   130
       Phantom mirror    |       |       |       |     1 ||     1
  Use: Potion            |     1 |     1 |     1 |     1 ||     4
       Scroll            |       |       |     9 |     6 ||    15
 Stab: Sleeping          |     6 |     3 |     5 |     8 ||    22
       Paralysed         |       |     8 |    13 |    10 ||    31
       Confused          |       |       |       |     1 ||     1
       Petrifying        |       |       |       |     1 ||     1
       Petrified         |       |       |       |     1 ||     1
       Distracted        |       |       |       |     2 ||     2
Armor: Robe              |    20 |    14 |    11 |    10 ||    55
Dodge: Dodged            |   150 |   196 |   368 |   516 ||  1230
Block: Buckler           |       |       |     9 |   169 ||   178

Table legend: (Time is in decaauts)
 A = Elapsed time spent in this place.
 B = Non-inter-level travel time spent in this place.
 C = Inter-level travel time spent in this place.
 D = Time resting spent in this place.
 E = Time spent auto-exploring this place.
 F = Levels seen in this place.
 G = Mean time per level.
                   A        B        C        D        E       F      G
               +--------+--------+--------+--------+--------+-----+--------+
         Total |  13345 |  13137 |    208 |   3571 |   6988 |  12 | 1112.1 |
       Dungeon |  12975 |  12767 |    208 |   3272 |   6985 |  11 | 1179.5 |
      Ice Cave |    370 |    370 |      0 |    299 |      3 |   1 |  370.0 |
               +--------+--------+--------+--------+--------+-----+--------+

Top non-repeatable levels by time:
    D:10: 1938 daAuts
     D:5: 1819 daAuts
     D:9: 1660 daAuts
     D:3: 1470 daAuts
     D:2: 1363 daAuts
     D:4: 1299 daAuts
     D:6: 1051 daAuts
     D:7: 829 daAuts
     D:1: 742 daAuts
     D:8: 569 daAuts
   IceCv: 370 daAuts
    D:11: 231 daAuts
